 Dungeon Crawl Stone Soup version 0.23.2-40-g277498a001 (webtiles) character file.

Game seed: 17004547686219659539

10955 Chiseanne the Nimble (level 11, -3/65 HPs)
             Began as an Octopode Warper on Oct 11, 2019.
             Was an Initiate of Gozag.
             Slain by an ice devil (20 damage)
             ... on level 11 of the Dungeon.
             The game lasted 00:32:12 (14467 turns).

Chiseanne the Nimble (Octopode Warper)             Turns: 14467, Time: 00:32:13

Health: -3/65      AC:  1    Str: 11    XL:     11   Next: 70%
Magic:  22/23      EV: 22    Int: 18    God:    Gozag
Gold:   1053       SH:  5    Dex: 12    Spells: 15/27 levels left

rFire    + . .     SeeInvis .   a - +7 rapier (venom)
rCold    . . .     Gourm    .   K - +0 buckler
rNeg     . . .     Faith    .   (helmet restricted)
rPois    .         Spirit   .   (no amulet)
rElec    .         Reflect  .   o - +3 ring of evasion
rCorr    .         Harm     .   p - +1 ring of evasion
MR       .....                  E - ring of protection from fire
Stlth    +++.......             (no ring)
HPRegen  0.20/turn              (no ring)
MPRegen  0.18/turn              (no ring)
                                (no ring)
                                (no ring)

@: no status effects
A: almost no armour, stealthy swim, amphibious, 8 rings, constrict 8, camouflage
1, gelatinous body 1
a: Potion Petition, Call Merchant, Bribe Branch, Renounce Religion


You were on level 11 of the Dungeon.
You worshipped Gozag.
Gozag was most pleased with you.
You were not hungry.

You visited 2 branches of the dungeon, and saw 13 of its levels.

You collected 1201 gold pieces.
You paid 148 gold pieces to Gozag.

Inventory:

Hand Weapons
 a - a +7 rapier of venom (weapon)
 s - a +3 scimitar of flaming
 M - a +0 blowgun
 Q - a +1 short sword of protection
Missiles
 d - 4 tomahawks of dispersal
 e - 141 bolts
 g - 7 tomahawks (quivered)
 i - 380 stones
 k - 3 javelins of penetration
 l - 152 arrows
 u - 96 sling bullets
 x - 33 poisoned needles
Armour
 D - a +0 large shield
 K - a +0 buckler (worn)
Jewellery
 o - a +3 ring of evasion (left tentacle)
 p - a +1 ring of evasion (right tentacle)
 r - an uncursed amulet of the gourmand {unknown}
 E - a ring of protection from fire (on tentacle)
 J - an uncursed ring of fire
Wands
 z - a wand of digging (5)
 F - a wand of flame (16)
 H - a wand of random effects (12)
Scrolls
 b - 7 scrolls of amnesia
 c - 3 scrolls of blinking
 h - a scroll of immolation
 q - 4 scrolls of enchant armour
 G - 2 scrolls of fog
 N - 3 scrolls of teleportation
 P - a scroll of magic mapping
Potions
 j - 3 potions of flight
 m - 3 potions of brilliance
 n - a potion of mutation {unknown}
 t - 2 potions of berserk rage
 v - 3 potions of curing
 w - 2 potions of heal wounds
 A - a potion of haste
 B - 3 potions of resistance
 C - 2 potions of magic
 I - 2 potions of agility
 L - a potion of ambrosia
 R - a potion of lignification {unknown}
Miscellaneous
 O - a phantom mirror
Comestibles
 f - 13 rations


   Skills:
 - Level 2.5 Fighting
 + Level 6.1(6.3) Short Blades
 - Level 2.0(4.3) Long Blades
 - Level 1.0 Throwing
 * Level 9.4 Dodging
 - Level 4.0 Stealth
 - Level 4.0 Shields
 * Level 8.6 Spellcasting
 * Level 2.4 Conjurations
 * Level 3.8 Charms
 * Level 5.0 Translocations
 - Level 8.3 Evocations


You had 15 spell levels left.
You knew the following spells:

 Your Spells              Type           Power        Failure   Level  Hunger
a - Blink                 Tloc           N/A          1%          2    None
b - Shroud of Golubria    Chrm/Tloc      ###.......   2%          2    None
c - Passage of Golubria   Tloc           N/A          12%         4    ###....
d - Force Lance           Conj/Tloc      ###.....     21%         4    ###....

Your spell library contained the following spells:

 Spells                   Type           Power        Failure   Level  Hunger
 Magic Dart               Conj           ###.         3%          1    None
 Gell's Gravitas          Tloc           ####......   3%          3    None
 Lesser Beckoning         Tloc           ####......   3%          3    None
 Teleport Other           Tloc           ####....     3%          3    None
 Searing Ray              Conj           ###...       4%          2    None
 Dazzling Spray           Conj/Hex       ##....       17%         3    None
 Iskenderun's Mystic Bla  Conj           ###.....     32%         4    ###....
 Fulminant Prism          Conj/Hex       ##........   50%         4    ###....


Dungeon Overview and Level Annotations

Branches:
Dungeon (12/15)            Temple (1/1) D:5            Lair (0/6) D:10
    Orc (0/2) D:11

Altars:
Ashenzari
Cheibriados
Dithmenos
Elyvilon
Fedhas
Gozag
Hepliaklqana
Makhleb
Nemelex Xobeh
Okawaru
Qazlal
Sif Muna
Trog
Uskayaw
Vehumet
Xom
The Shining One
Jiyva

Shops:
D:6 (


Innate Abilities, Weirdness & Mutations

You cannot wear most types of armour.
You are very stealthy in the water. (Stealth+)
You are amphibious.
You can wear up to eight rings at the same time.
You can use your tentacles to constrict eight enemies at once.
Your skin changes colour to match your surroundings (Stealth+).
Your rubbery body absorbs attacks. (AC +1, EV +1)


Message History

Evoke which item? (* to show all) (? for menu, Esc to quit)
Aiming: Random Effects
Press: ? - help, Shift-Dir - straight line, f/p - ice devil
Aim: an ice devil (severely wounded, poisoned)
The mass of ice explodes!
The iceblast engulfs the ice devil!
The ice devil partially resists.
The ice devil is almost dead.
Evoke which item? (* to show all) (? for menu, Esc to quit)
Aiming: Random Effects
Press: ? - help, Shift-Dir - straight line, f/p - ice devil
Aim: an ice devil (almost dead, poisoned)
The ice devil easily resists.
You barely miss the ice devil. Your grab misses the ice devil.
Your squeeze misses the ice devil.
The ice devil is almost dead.
The ice devil hits you.
* * * LOW HITPOINT WARNING * * *
The ice devil freezes you!!
You die...
Your body crumbles into a pile of gold.

#...####..#
#...#####..##.##....
#...# #..# #...#
#..##.##...# #...#
#..# #...#
#[.##.##...# #...#
#..####...#
#..##.##...# #...#
#.........#
#.....##...# #...#
#..#####..#
#.....##...# ....#
#..# #..#
#..#..##...# ....#
#..# #..#
#..#..##...# ....#
#..#
#.@#####..#..##...#
)...####..#
#.4.......#.......#
..........#
#.........#.......#
..........#
#..#####..#...##..#
...#####..# #..#
#..#...##... ...#
#..# #.>#
#..#...##... ...#
#..# #..#
#..#...##.## ...#
#..# #..#
#..#...##.# ...#
#..# #..#
#..#...##.#


You could see an ice devil.

Vanquished Creatures
  Erica (D:8)
  Pikel (D:6)
  An orc knight (D:11)
  4 ugly things
  A gargoyle (D:11)
  2 trolls
  2 slime creatures (D:12)
  2 hippogriffs
  A vampire (D:10)
  Eustachio (D:5)
  3 yaks (D:9)
  A wyvern (D:10)
  A hungry ghost (D:10)
  2 steam dragons (D:8)
  Edmund (D:6)
  4 black bears
  2 ice beasts
  6 orc warriors
  A sky beast (D:11)
  3 ogres
  A phantom (D:4)
  A necrophage (D:11)
  7 centaurs
  7 bullfrogs
  Blork the orc (D:4)
  2 wyvern zombies
  2 scorpions
  3 killer bees (D:11)
  3 wights (D:5)
  An electric eel (D:11)
  3 howler monkeys
  4 crimson imps
  A quasit (D:7)
  2 bullfrog zombies
  4 jellies
  A centaur skeleton (D:6)
  2 hounds
  3 bullfrog skeletons
  10 orc priests
  9 orc wizards
  7 iguanas
  8 worker ants
  A killer bee zombie (D:7)
  A hound zombie (D:2)
  4 hound skeletons
  A worker ant zombie (D:9)
  7 adders
  2 shadow imps
  3 oozes
  2 adder skeletons
  An adder zombie (D:8)
  A dart slug (D:4)
  4 leopard geckos
  41 orcs
  7 bats
  A giant cockroach (D:3)
  2 goblins
  4 hobgoblins
  2 jackals (D:6)
  9 kobolds
  5 quokkas
  A ball python (D:1)
  5 frilled lizards
  A giant cockroach zombie (D:6)
  A jackal zombie (D:5)
  A quokka zombie (D:5)
  8 rats
237 creatures vanquished.

Vanquished Creatures (others)
  A slave (D:6)
  A quasit (D:6)
  An orc (D:6)
  A fungus (D:8)
  A plant (D:2)
5 creatures vanquished.

Grand Total: 242 creatures vanquished

Notes
Turn   | Place    | Note
-------+----------+-------------------------------------------
     0 | D:1      | Chiseanne the Octopode Warper began the quest for the Orb.
     0 | D:1      | Reached XP level 1. HP: 14/14 MP: 3/3
   925 | D:2      | Found a hazy altar of Hepliaklqana.
   969 | D:2      | Reached skill level 1 in Stealth
   969 | D:2      | Reached XP level 2. HP: 19/19 MP: 5/5
  1256 | D:2      | Reached XP level 3. HP: 18/25 MP: 6/6
  1690 | D:2      | Reached XP level 4. HP: 19/30 MP: 7/7
  1851 | D:2      | Learned a level 2 spell: Blink
  1854 | D:2      | Learned a level 2 spell: Shroud of Golubria
  1859 | D:2      | Learned a level 4 spell: Passage of Golubria
  2108 | D:3      | Reached skill level 3 in Dodging
  2514 | D:3      | Reached XP level 5. HP: 18/35 MP: 3/9
  2795 | D:3      | Reached skill level 1 in Short Blades
  3326 | D:4      | Reached XP level 6. HP: 41/41 MP: 10/10
  3332 | D:4      | Noticed Blork the orc
  3334 | D:4      | Killed Blork the orc
  3334 | D:4      | Reached skill level 1 in Evocations
  3343 | D:4      | Reached skill level 4 in Dodging
  3430 | D:4      | Noticed a phantom
  3559 | D:4      | Killed a phantom
  3683 | D:4      | Reached XP level 7. HP: 32/45 MP: 12/12
  4155 | D:5      | Entered Level 5 of the Dungeon
  4389 | D:5      | Found a staircase to the Ecumenical Temple.
  4398 | Temple   | Entered the Ecumenical Temple
  4853 | D:5      | Reached skill level 5 in Dodging
  4969 | D:5      | Reached XP level 8. HP: 40/51 MP: 13/15
  5043 | D:5      | Noticed Eustachio
  5056 | D:5      | Killed Eustachio
  5209 | D:5      | Reached skill level 5 in Spellcasting
  5571 | D:6      | Found Eroagum's Antique Weapon Shop.
  5698 | D:6      | Found an iron altar of Okawaru.
  5712 | D:6      | Reached skill level 6 in Dodging
  5712 | D:6      | Reached skill level 5 in Evocations
  5716 | D:6      | Found a white marble altar of Elyvilon.
  5827 | D:6      | Reached XP level 9. HP: 55/55 MP: 17/17
  5883 | D:6      | Found a blossoming altar of Fedhas.
  5900 | D:6      | Noticed Pikel
  5913 | D:6      | Killed Pikel
  5959 | D:6      | Noticed Edmund
  5973 | D:6      | Killed Edmund
  6215 | D:6      | Reached skill level 7 in Dodging
  6513 | D:7      | Found a bloodstained altar of Trog.
  6811 | D:7      | Found a snail-covered altar of Cheibriados.
  6811 | D:7      | Found a shimmering altar of Xom.
  7242 | D:8      | Reached XP level 10. HP: 22/61 MP: 20/20
  7601 | D:8      | Noticed Erica
  7620 | D:8      | Killed Erica
  7620 | D:8      | Reached skill level 5 in Short Blades
  7620 | D:8      | Reached skill level 8 in Dodging
  8220 | D:9      | Reached skill level 1 in Shields
  8357 | D:9      | Noticed a green ugly thing
  8381 | D:9      | Killed a green ugly thing
  8412 | D:9      | Learned a level 4 spell: Force Lance
  8564 | D:9      | Found an opulent altar of Gozag.
  8568 | D:9      | Became a worshipper of Gozag Ym Sagoz the Greedy
  8574 | D:9      | Found a radiant altar of Vehumet.
  8584 | D:9      | Found a shadowy altar of Dithmenos.
  8587 | D:9      | Found a glowing golden altar of the Shining One.
  9082 | D:10     | Entered Level 10 of the Dungeon
  9328 | D:10     | Found a staircase to the Lair.
  9509 | D:10     | Noticed a red ugly thing
  9543 | D:10     | Killed a red ugly thing
  9543 | D:10     | Reached skill level 1 in Charms
 10057 | D:10     | Reached XP level 11. HP: 65/65 MP: 22/22
 10979 | D:10     | Reached skill level 9 in Dodging
 11744 | D:11     | Noticed a cyan ugly thing
 11749 | D:11     | HP: 1/65 [cyan ugly thing (13)]
 12071 | D:11     | Killed a cyan ugly thing
 12280 | D:11     | Reached skill level 1 in Conjurations
 12762 | D:11     | Noticed an orc knight
 12768 | D:11     | Killed an orc knight
 12897 | D:11     | Found a staircase to the Orcish Mines.
 13187 | D:11     | Noticed a red ugly thing
 13758 | D:11     | Killed a red ugly thing
 13894 | D:12     | Reached skill level 5 in Translocations
 14467 | D:11     | Slain by an ice devil

Skill      XL: |  1  2  3  4  5  6  7  8  9 10 11 |
---------------+----------------------------------+-----
Stealth        | 1 2 3 4 |  4.0
Dodging        | 3 4 5 6 7 8 9 |  9.4
Short Blades   | 1 2 3 4 5 6 |  6.1
Spellcasting   | 3 4 5 7 8 |  8.6
Evocations     | 2 3 5 7 8 |  8.3
Shields        | 4 |  4.0
Charms         | 1 3 |  3.8
Translocations | 5 |  5.0
Conjurations   | 2 |  2.4
Fighting       | |  2.5
Long Blades    | |  2.0
Throwing       | |  1.0

Action                   |  1- 3 |  4- 6 |  7- 9 | 10-12 || total
-------------------------+-------+-------+-------+-------++-------
Melee: Falchion          |    24 |       |       |       ||    24
       Constrict         |    11 |    19 |    55 |    51 ||   136
       Tentacles         |     8 |    13 |    46 |    55 ||   122
       Short sword       |    36 |    16 |       |       ||    52
       Dagger            |       |    55 |    79 |       ||   134
       Rapier            |       |       |   190 |   300 ||   490
Throw: Tomahawk          |       |     3 |     4 |    20 ||    27
 Cast: Shroud of Golubri |       |     1 |       |     1 ||     2
       Blink             |       |       |       |     6 ||     6
       Passage of Golubr |       |       |       |     2 ||     2
Evoke: Wand              |       |     4 |     5 |    40 ||    49
       Sack of spiders   |       |       |       |     1 ||     1
  Use: Scroll            |     3 |     7 |     9 |    11 ||    30
       Potion            |     1 |       |     1 |     2 ||     4
 Stab: Sleeping          |     5 |     3 |    12 |     9 ||    29
       Invisible         |       |       |       |     2 ||     2
       Paralysed         |       |       |       |     2 ||     2
  Eat: Chunk             |     2 |     6 |    12 |     5 ||    25
       Ration            |       |       |       |     6 ||     6
Armor: Skin              |     7 |     1 |    11 |     4 ||    23
Dodge: Dodged            |    60 |    52 |   244 |   256 ||   612
Block: Buckler           |       |       |       |    45 ||    45
       Rpst.: Falchion   |     9 |       |       |       ||     9
